 Dungeon Crawl Stone Soup version 0.30-a0-424-g7412bad402 (webtiles) character file.

Game seed: 189713684171203241

172172 flotson the Nimble (level 17, -4/119 HPs)
             Began as a Demonspawn Delver on Dec 8, 2022.
             Was the Champion of Hepliaklqana.
             Slain by the 27-headed Lernaean hydra (7 damage)
             ... on level 3 of the Swamp on Dec 10, 2022.
             The game lasted 01:10:42 (25943 turns).

flotson the Nimble (Demonspawn Delver)             Turns: 25943, Time: 01:10:43

Health: -4/119     AC: 24    Str: 22    XL:     17   Next: 40%
Magic:  0/23       EV: 18    Int: 11    God:    Hepliaklqana [******]
Gold:   3253       SH: 17    Dex: 22    Spells: 16/16 levels left

rFire   + + .      SeeInvis .    b - +9 sling of the Pit {elec, Str+2}
rCold   x . .      Faith    .    q - +5 kite shield of the Thistle {Rampage rPois Stlth+}
rNeg    . . .      Spirit   +    h - +0 fire dragon scales
rPois   +          Reflect  .    n - +2 helmet
rElec   .          Harm     .    G - +1 cloak
rCorr   .          Rampage  +    (gloves unavailable)
Will    +....                    x - +1 pair of boots
Stlth   ++++++....               L - amulet of regeneration
HPRegen 1.19/turn                X - +4 ring of slaying
MPRegen 0.36/turn                m - +4 ring of protection

@: studying 2 skills
A: reduced essence, claws 3, thin skeletal structure 3, spiny 2, magic shield,
magic regeneration
a: Renounce Religion, Recall Ancestor, Ancestor Identity, Transference, Idealise


You were on level 3 of the Swamp.
You worshipped Hepliaklqana.
Hepliaklqana was exalted by your worship.
You visited 5 branches of the dungeon, and saw 28 of its levels.
You also visited: Ice Cave.

You collected 3625 gold pieces.
You spent 372 gold pieces at shops.

Inventory:

Hand Weapons
 a - the +5 broad axe "Piaroeriwn" {vorpal, Int+2 Dex+2}
   (You found it on level 10 of the Dungeon)

   It inflicts extra damage upon your enemies.
   Int:       It affects your intelligence (+2).
   Dex:       It affects your dexterity (+2).
 b - the +9 sling of the Pit (weapon) {elec, Str+2}
   (You bought it in a shop on level 10 of the Dungeon)

   Any ammunition fired from it occasionally discharges a powerful burst of
   electricity upon striking a foe.
   Str:       It affects your strength (+2).
Missiles
 B - 7 curare-tipped darts
 C - 3 throwing nets
 H - 3 silver boomerangs
 M - 9 boomerangs
 Q - 2 javelins
 W - 2 atropa-tipped darts
Armour
 h - +0 fire dragon scales (worn)
 n - a +2 helmet (worn)
 q - the +5 kite shield of the Thistle (worn) {Rampage rPois Stlth+}
   (You acquired it on level 5 of the Lair of Beasts)

   rPois:     It protects you from poison.
   Rampage:   It bestows one free step when moving towards enemies.
   Stlth:     It makes you more stealthy.
 x - a +1 pair of boots (worn)
 G - a +1 cloak (worn)
Jewellery
 f - a ring of willpower
 m - a +4 ring of protection (right claw)
 r - a ring of see invisible
 L - an amulet of regeneration (around neck)
 T - an amulet of reflection
 X - a +4 ring of slaying (left claw)
Wands
 g - a wand of digging (9)
 i - a wand of light (7)
 u - a wand of polymorph (11)
 D - a wand of paralysis (26)
 I - a wand of flame (82)
 J - a wand of iceblast (19)
 Z - a wand of mindburst (2)
Scrolls
 c - 6 scrolls of fog
 j - a scroll of summoning
 l - 6 scrolls of teleportation
 o - 5 scrolls of magic mapping
 s - 7 scrolls of immolation
 v - 4 scrolls of torment
 z - 2 scrolls of silence
 E - 5 scrolls of fear
 F - 2 scrolls of vulnerability
 O - 3 scrolls of poison
Potions
 d - 2 potions of ambrosia
 e - 6 potions of resistance
 k - 8 potions of curing
 p - 3 potions of attraction
 t - 3 potions of berserk rage
 w - 2 potions of heal wounds
 A - 2 potions of lignification
 K - 7 potions of flight
 P - 2 potions of haste
 S - 2 potions of invisibility
 V - 2 potions of might
 Y - a potion of cancellation
Miscellaneous
 y - a tin of tremorstones (2/2)
 R - a phantom mirror (inert)
 U - a lightning rod (4/4)


   Skills:
 + Level 12.3 Fighting
 + Level 10.8 Axes
 + Level 12.7 Ranged Weapons
 + Level 10.7 Throwing
 + Level 11.1 Armour
 + Level 14.0 Dodging
 - Level 5.0 Stealth
 + Level 8.2 Shields
 - Level 8.0 Invocations
 + Level 12.6 Evocations


You had 16 spell levels left.
You didn't know any spells.
Your spell library contained the following spells:

 Spells                   Type           Power      Damage    Failure   Level
 Foxfire                  Conj/Fire      0%         2x1d4     91%         1
 Freeze                   Ice            0%         1d3       91%         1
 Magic Dart               Conj           0%         1d3       91%         1
 Sandblast                Erth           0%         2d4       91%         1
 Sting                    Tmut/Pois      0%         1d3       91%         1
 Blink                    Tloc           0%         N/A       97%         2
 Cigotuvi's Dreadful Rot  Necr/Pois/Air  0%         N/A       97%         2
 Passwall                 Tmut/Erth      0%         N/A       97%         2
 Poisonous Vapours        Pois/Air       0%         N/A       97%         2
 Searing Ray              Conj           0%         2d4       97%         2
 Frozen Ramparts          Ice            0%         1d1       100%        3
 Hailstorm                Conj/Ice       0%         3d3       100%        3
 Ignite Poison            Fire/Tmut/Pois 0%         N/A       100%        3
 Ozocubu's Armour         Ice            0%         N/A       100%        3
 Portal Projectile        Hex/Tloc       0%         N/A       100%        3
 Stone Arrow              Conj/Erth      0%         3d7       100%        3
 Tukima's Dance           Hex            0%         N/A       100%        3
 Vhi's Electric Charge    Tloc/Air       0%         N/A       100%        3
 Animate Armour           Summ/Erth      0%         N/A       100%        4
 Dispel Undead            Necr           0%         3d6       100%        4
 Flame Wave               Conj/Fire      0%         2d4       100%        4
 Fulminant Prism          Conj/Hex       0%         3d5       100%        4
 Ice Form                 Ice/Tmut       0%         N/A       100%        4
 Manifold Assault         Tloc           0%         N/A       100%        4
 Olgreb's Toxic Radiance  Pois           0%         N/A       100%        4
 Sticky Flame             Conj/Fire      0%         2d3       100%        4
 Summon Ice Beast         Ice/Summ       0%         N/A       100%        4
 Arcjolt                  Conj/Air       0%         1d10      100%        5
 Blade Hands              Tmut           0%         N/A       100%        5
 Metabolic Englaciation   Hex/Ice        0%         N/A       100%        5
 Death Channel            Necr           0%         N/A       100%        6
 Dispersal                Tloc           0%         N/A       100%        6
 Simulacrum               Ice/Necr       0%         N/A       100%        6
 Statue Form              Tmut/Erth      0%         N/A       100%        6
 Orb of Destruction       Conj           0%         9d5       100%        7
 Storm Form               Tmut/Air       0%         N/A       100%        7
 Disjunction              Tloc           0%         N/A       100%        8
 Ignition                 Fire           0%         3d3       100%        8
 Maxwell's Capacitive Co  Air            0%         ∞         100%        8
 Shatter                  Erth           0%         3d5*      100%        9


Dungeon Overview and Level Annotations

Branches:
Dungeon (15/15)            Temple (0/1) D:7            Lair (5/5) D:9
  Swamp (4/4) Lair:2       Spider (0/4) Lair:2        Slime (0/5) Lair:5
    Orc (2/2) D:12            Elf (2/3) Orc:2        Vaults (0/5) D:14
 Depths (0/4) D:15          IceCv (visited)

Altars:
Cheibriados
Dithmenos
Gozag
Hepliaklqana
Kikubaaqudgha
Makhleb
Sif Muna
Wu Jian
Xom
Jiyva

Shops:
D:10 ((   D:11 (   Orc:2 *=!(   Elf:1 !

Annotations:
Swamp:3 Lernaean hydra


Innate Abilities, Weirdness & Mutations

Your life essence is reduced to manifest your ancestor. (-10% HP)
You have claws for hands.
You have an unnaturally thin skeletal structure. (Dex +6, Stealth+++)
You are mostly covered in sharp spines.
When hurt, damage is shared between your health and your magic reserves.
You regenerate magic rapidly.


Message History

You block the 27-headed Lernaean hydra's attack.
The 27-headed Lernaean hydra bites you! The 27-headed Lernaean hydra bites you.
* * * LOW HITPOINT WARNING * * *
The 27-headed Lernaean hydra bites you but does no damage.
The 27-headed Lernaean hydra bites you!
* * * LOW HITPOINT WARNING * * *
The 27-headed Lernaean hydra bites you.
* * * LOW HITPOINT WARNING * * *
The 27-headed Lernaean hydra bites you but does no damage.
The hornet stings you!
* * * LOW HITPOINT WARNING * * *
You feel yourself slow down.
As you read the scroll of fear, it crumbles to dust.
You assume a fearsome visage.
The 27-headed Lernaean hydra easily resists.
The hornet looks frightened!
You feel yourself speed up.
You block the 27-headed Lernaean hydra's attack.
The 27-headed Lernaean hydra misses you.
The 27-headed Lernaean hydra closely misses you.
You block the 27-headed Lernaean hydra's attack.
The 27-headed Lernaean hydra bites you but does no damage.
You block the 27-headed Lernaean hydra's attack.
The 27-headed Lernaean hydra bites you but does no damage. x2
You block the 27-headed Lernaean hydra's attack.
The 27-headed Lernaean hydra bites you but does no damage.
The 27-headed Lernaean hydra bites you.
* * * LOW HITPOINT WARNING * * *
The 27-headed Lernaean hydra bites you but does no damage.
The 27-headed Lernaean hydra bites you.
* * * LOW HITPOINT WARNING * * *
The 27-headed Lernaean hydra completely misses you.
The 27-headed Lernaean hydra bites you but does no damage. x2
The 27-headed Lernaean hydra bites you!
* * * LOW HITPOINT WARNING * * *
The 27-headed Lernaean hydra bites you but does no damage.
The 27-headed Lernaean hydra misses you.
The 27-headed Lernaean hydra bites you but does no damage.
The 27-headed Lernaean hydra bites you!
You die...

♣..~~~.~~~.~~~.~~~~§~.
♣.~~~~.~~~..§~~~~~~~~~
♣~.~~...~.♣♣.~~~.~~~§~
♣....~~~..<........~~~
♣♣..♣.~~~~.......♣♣♣~.~
♣.~.~.§~~.§.♣♣...~♣♣~.~
♣.~..~..y~~.♣♣♣.§♣♣~...
♣...~♣♣.~~~♣♣ ♣♣♣♣♣♣...
♣♣~~.~@.~~~~♣♣ ♣♣~~
♣~.~DR.~~..~♣ ♣♣♣
♣♣.~~~~~~~♣♣♣
♣♣~~~..~~~.♣
♣~.~~..~~~♣♣
♣♣..~.~~~.♣ ♣♣♣♣♣.~~♣♣
♣♣~♣♣ ♣♣♣


You could see the friendly Thamphthis the battlemage, the 27-headed Lernaean
hydra and a hornet (fleeing, ally target).

Vanquished Creatures
  Gastronok (Lair:2)
  Roxanne (D:14)
  A thorn hunter (Swamp:2)
  Nessos (Lair:5)
  2 eleionomae
  A bunyip (Swamp:3)
  A deep elf annihilator (Elf:2)
  A deep elf death mage (Elf:1)
  The ghost of ragingrage the Carver, a journeyman AtCK of Xom (D:10)
  A fire dragon (Lair:5)
  Fannar (Orc:1)
  Josephine (Lair:5)
  5 ogre magi
  Erolcha (D:9)
  Erica (D:7)
  3 centaur warriors
  13 hydras
  2 ironbound frosthearts (IceCv)
  2 boulder beetles
  3 alligators
  4 death yaks (IceCv)
  26 two-headed ogres
  An orc high priest (Orc:2)
  3 dancing weapons
  A soul eater (D:11)
  A spriggan (Swamp:4)
  2 deep elf knights
  4 skeletal warriors
  A spriggan druid (Swamp:1)
  7 swamp dragons
  A bog body (Swamp:3)
  A deep elf archer (Elf:1)
  An orc knight (Orc:1)
  2 lindwurms (Lair:5)
  5 deep elf pyromancers
  5 deep elf zephyrmancers (Elf:1)
  13 ugly things
  3 manticores
  4 cyclopes
  A will-o-the-wisp (Swamp:4)
  3 elephants
  A black mamba (Lair:5)
  3 orange demons
  5 torpor snails (Lair:5)
  5 cane toads
  2 rime drakes
  A kobold demonologist (D:7)
  6 komodo dragons
  A tengu conjurer (D:15)
  A hellwing (D:11)
  8 hornets
  11 polar bears
  5 trolls
  8 tyrant leeches
  4 dream sheep (Lair:5)
  14 blink frogs
  An air elemental (Elf:1)
  5 wraiths
  2 shadows
  A vampire (D:13)
  A water elemental (Elf:1)
  5 wyverns
  47 yaks
  Eustachio (D:4)
  A human (shapeshifter) (D:15)
  A neqoxec (D:11)
  A fire elemental (Elf:1)
  6 vampire mosquitoes
  6 basilisks
  2 steam dragons
  A warg (Orc:1)
  Menkaure (D:4)
  5 acid dragons
  9 swamp worms
  13 water moccasins
  12 orc warriors
  4 swamp drakes
  3 sky beasts
  28 wolves
  2 ice beasts (D:7)
  6 black bears
  9 centaurs
  25 ogres
  2 boggarts (D:14)
  A phantom (D:4)
  6 kobold brigands
  9 bullfrogs
  A necrophage (D:6)
  Blork the orc (D:5)
  5 scorpions
  An earth elemental (Elf:1)
  8 wights
  4 killer bees (D:9)
  2 electric eels (D:9)
  7 howler monkeys
  A quasit (D:11)
  2 hounds
  17 orc priests
  A gnoll bouda (D:6)
  5 iguanas
  8 orc wizards
  6 hell rats (Lair:5)
  9 gnolls
  7 adders
  2 shadow imps
  2 white imps (D:6)
  4 worms
  4 dart slugs
  65 orcs
  5 ball pythons
  2 bats (D:2)
  12 endoplasms
  2 giant cockroaches (D:1)
  3 goblins
  7 hobgoblins
  10 jackals
  5 quokkas
  5 frilled lizards
  11 kobolds
  A quokka zombie (D:5)
  4 rats
  A rat zombie (D:5)
  3 briar patches (Swamp:2)
656 creatures vanquished.

Vanquished Creatures (collateral kills)
  A thorn hunter (Swamp:2)
  3 eleionomae
  The ghost of lunkers the Fighter, a journeyman MeFi of Gozag (Lair:5)
  The ghost of iguanaiguana the Arsonist, a journeyman MeFE of Cheibriados (Orc:2)
  A fire dragon (D:15)
  A deep elf death mage (Elf:2)
  2 ice dragons
  Harold (D:11)
  2 centaur warriors (D:15)
  An ogre mage (Orc:2)
  8 hydras
  5 two-headed ogres
  4 alligators
  A vampire mage (Swamp:2)
  A boulder beetle (D:11)
  4 dancing weapons
  A tengu warrior (D:15)
  A death yak (IceCv)
  An orc high priest (Elf:1)
  Nergalle (D:12)
  Amaemon (Lair:3)
  A sun demon (D:11)
  A sixfirhy (D:11)
  2 goliath frogs
  2 bog bodies (Swamp:3)
  A deep elf archer (Elf:1)
  7 swamp dragons
  5 deep elf pyromancers
  A lindwurm (Lair:5)
  An orc knight (D:15)
  A manticore (D:14)
  2 deep elf zephyrmancers
  An oklob plant (Lair:5)
  5 ugly things
  An ice statue (IceCv)
  A cyclops (D:13)
  An elephant (Lair:4)
  2 smoke demons (D:11)
  A black mamba (Lair:3)
  3 unseen horrors
  A cane toad (Lair:1)
  2 rime drakes (Lair:5)
  2 komodo dragons
  An ice devil (D:11)
  A troll (D:10)
  3 hornets
  2 tyrant leeches
  3 polar bears (IceCv)
  7 blink frogs
  3 dream sheep (Lair:5)
  3 spriggans
  A shadow (D:13)
  12 yaks
  2 wraiths
  A fire elemental (Elf:1)
  A ynoxinul (D:11)
  A basilisk (D:9)
  7 vampire mosquitoes
  2 wargs
  4 acid dragons
  3 water moccasins
  12 swamp worms
  3 swamp drakes (Swamp:4)
  6 orc warriors
  6 wolves
  6 ogres (Orc:2)
  2 boggarts (D:14)
  A centaur (D:9)
  A kobold brigand (D:9)
  3 bullfrogs
  3 wights (D:10)
  5 orc priests
  2 iguanas (Lair:5)
  A hell rat (Lair:5)
  5 orc wizards
  22 orcs
  3 briar patches (Swamp:2)
224 creatures vanquished.

Vanquished Creatures (others)
  A bunyip (Swamp:4)
  A deep elf annihilator (Elf:1)
  2 alligators (Swamp:4)
  2 goliath frogs (Swamp:4)
  A swamp dragon (Swamp:4)
  2 deep elf pyromancers (Elf:1)
  2 deep elf zephyrmancers
  3 bloated husks
  A tyrant leech (Swamp:4)
  A swamp worm (Swamp:4)
  3 ancestors (D:9)
  30 battlemagi
  A briar patch (Swamp:2)
  2 demonic plants (D:11)
  6 foxfires (Swamp:4)
  11 fungi
  57 plants
126 creatures vanquished.

Grand Total: 1006 creatures vanquished

Notes
Turn   | Place    | Note
-------+----------+-------------------------------------------
     0 | D:5      | flotson the Demonspawn Delver began the quest for the Orb.
     0 | D:5      | Reached XP level 1. HP: 18/18 MP: 1/1
     5 | D:5      | Noticed Blork the orc
     7 | D:5      | Noticed a centaur
    13 | D:4      | Noticed a black bear
    22 | D:4      | Noticed an orc priest
    36 | D:4      | Noticed Menkaure
   199 | D:3      | Reached skill level 2 in Dodging
   199 | D:3      | Gained mutation: You regenerate magic rapidly. [demonic
                  | ancestry]
   199 | D:3      | Reached XP level 2. HP: 20/24 MP: 2/2
   415 | D:2      | Reached skill level 1 in Armour
   415 | D:2      | Reached skill level 1 in Evocations
   415 | D:2      | Gained mutation: You are partially covered in sharp spines.
                  | [demonic ancestry]
   415 | D:2      | Reached XP level 3. HP: 26/29 MP: 3/3
   726 | D:1      | Gained mutation: You have a somewhat thin skeletal
                  | structure. (Dex +2, Stealth+) [demonic ancestry]
   726 | D:1      | Reached XP level 4. HP: 35/35 MP: 4/4
  1356 | D:2      | Reached skill level 5 in Stealth
  1528 | D:2      | Found a shimmering blue altar of Sif Muna.
  2101 | D:3      | Found an ornate altar of the Wu Jian Council.
  2364 | D:4      | Gained mutation: You have a moderately thin skeletal
                  | structure. (Dex +4, Stealth++) [demonic ancestry]
  2364 | D:4      | Reached XP level 5. HP: 41/41 MP: 5/5
  2405 | D:4      | Noticed Eustachio
  2426 | D:4      | Killed Eustachio
  2427 | D:4      | Reached skill level 3 in Dodging
  2427 | D:4      | Gained mutation: You have sharp fingernails. [demonic
                  | ancestry]
  2427 | D:4      | Reached XP level 6. HP: 41/48 MP: 6/6
  2456 | D:4      | Found a shimmering blue altar of Sif Muna.
  2750 | D:4      | Reached skill level 1 in Throwing
  2750 | D:4      | Gained mutation: You have an unnaturally thin skeletal
                  | structure. (Dex +6, Stealth+++) [demonic ancestry]
  2750 | D:4      | Reached XP level 7. HP: 25/55 MP: 7/7
  2862 | D:4      | Reached skill level 1 in Ranged Weapons
  3031 | D:4      | Killed Menkaure
  3225 | D:5      | Found an ancient bone altar of Kikubaaqudgha.
  3268 | D:5      | Killed Blork the orc
  3648 | D:5      | Reached skill level 4 in Dodging
  3648 | D:5      | Reached XP level 8. HP: 61/61 MP: 8/8
  3657 | D:5      | Found the +18 Lear's hauberk
  3960 | D:6      | Reached skill level 5 in Fighting
  3998 | D:6      | Found an opulent altar of Gozag.
  5154 | D:7      | Reached XP level 9. HP: 68/68 MP: 9/9
  5183 | D:7      | Found a burning altar of Makhleb.
  5509 | D:7      | Found a hazy altar of Hepliaklqana.
  5513 | D:7      | Became a worshipper of Hepliaklqana the Forgotten
  5549 | D:7      | Noticed a kobold demonologist
  5564 | D:7      | Noticed a rust devil
  5586 | D:7      | Killed a kobold demonologist
  5587 | D:7      | Reached skill level 5 in Dodging
  5587 | D:7      | Reached skill level 1 in Invocations
  5636 | D:7      | Reached skill level 5 in Evocations
  6258 | D:7      | Found a shadowy altar of Dithmenos.
  6539 | D:7      | Found a staircase to the Ecumenical Temple.
  6822 | D:8      | Noticed Erica
  6936 | D:8      | Noticed a manticore
  6946 | D:7      | Killed a manticore
  6947 | D:7      | Reached skill level 5 in Armour
  6947 | D:7      | Killed Erica
  6948 | D:7      | Reached skill level 6 in Dodging
  6948 | D:7      | Reached XP level 10. HP: 31/77 MP: 10/12
  7202 | D:8      | Noticed a four-headed hydra
  7211 | D:8      | Killed a three-headed hydra
  7339 | D:8      | Noticed a manticore
  7351 | D:8      | Killed a manticore
  7677 | D:8      | Noticed a centaur warrior
  7685 | D:8      | Killed a centaur warrior
  7686 | D:8      | Reached skill level 5 in Axes
  8097 | D:8      | Reached * piety under Hepliaklqana
  8832 | D:9      | Reached skill level 7 in Dodging
  8839 | D:9      | Reached skill level 5 in Ranged Weapons
  8839 | D:9      | Reached skill level 5 in Invocations
  8850 | D:9      | Reached skill level 5 in Throwing
  8871 | D:9      | Found a snail-covered altar of Cheibriados.
  8919 | D:9      | Noticed a skeletal warrior
  8920 | D:9      | Noticed a skeletal warrior
  8920 | D:9      | Noticed a skeletal warrior
  8921 | D:9      | Noticed a skeletal warrior
  8974 | D:8      | Killed a skeletal warrior
  8975 | D:8      | Gained mutation: You have very sharp fingernails. [demonic
                  | ancestry]
  8975 | D:8      | Reached XP level 11. HP: 69/75 MP: 14/14
  9029 | D:9      | Found a staircase to the Lair.
  9046 | D:9      | Noticed a two-headed ogre
  9070 | D:9      | Noticed a two-headed ogre
  9089 | D:9      | Killed a two-headed ogre
  9097 | D:9      | Killed a two-headed ogre
  9197 | D:9      | Killed a skeletal warrior
  9217 | D:9      | Killed a skeletal warrior
  9235 | D:9      | Killed a skeletal warrior
  9236 | D:9      | Reached skill level 8 in Dodging
  9431 | D:9      | Reached ** piety under Hepliaklqana
  9433 | D:9      | Remembered your ancestor Thamphthis as a battlemage
  9488 | D:9      | Identified the +9 ring mail "Unouthoe" {rElec Int+2 Slay+3}
  9517 | D:9      | Noticed a deep elf pyromancer
  9521 | D:9      | Killed a deep elf pyromancer
  9614 | D:9      | Noticed a two-headed ogre
  9622 | D:9      | Killed a two-headed ogre
  9757 | D:9      | Noticed a two-headed ogre
  9764 | D:9      | Killed a two-headed ogre
  9828 | D:9      | Upgraded the game from 0.30-a0-422-g946f4849ff to
                  | 0.30-a0-424-g7412bad402
  9869 | D:9      | Noticed Erolcha
  9878 | D:9      | Killed Erolcha
  9879 | D:9      | Gained mutation: When hurt, damage is shared between your
                  | health and your magic reserves. [demonic ancestry]
  9879 | D:9      | Reached XP level 12. HP: 76/82 MP: 17/17
 10080 | D:9      | Noticed a centaur warrior
 10196 | D:10     | Entered Level 10 of the Dungeon
 10311 | D:10     | Noticed a two-headed ogre
 10315 | D:10     | Killed a two-headed ogre
 10402 | D:10     | Found a runed translucent door.
 10405 | D:10     | Found a shimmering altar of Xom.
 10405 | D:10     | Noticed ragingrage's ghost (journeyman AtCK)
 10493 | D:10     | Reached skill level 9 in Dodging
 10516 | D:10     | Found Nawisch's Weapon Boutique.
 10517 | D:10     | Found Soelor's Antique Weapon Emporium.
 10531 | D:10     | Bought a crystal sling for 117 gold pieces
 10531 | D:10     | Identified the +9 sling of the Pit {elec, Str+2} (You
                  | bought it in a shop on level 10 of the Dungeon)
 10594 | D:10     | Killed ragingrage's ghost
 10602 | D:10     | Identified the +5 broad axe "Piaroeriwn" {vorpal, Int+2
                  | Dex+2}
 10991 | Lair:1   | Entered Level 1 of the Lair of Beasts
 11075 | Lair:1   | Reached *** piety under Hepliaklqana
 11077 | Lair:1   | Found a frozen archway.
 11085 | IceCv    | Entered an ice cave
 11295 | IceCv    | Reached skill level 1 in Shields
 11388 | IceCv    | Noticed a death yak
 11395 | IceCv    | Reached skill level 10 in Dodging
 11402 | IceCv    | Gained mutation: You are mostly covered in sharp spines.
                  | [demonic ancestry]
 11402 | IceCv    | Reached XP level 13. HP: 76/90 MP: 15/19
 11506 | IceCv    | Got Baocief's Vellum of the Chill
 11999 | Lair:1   | Got the Tome of the Pyromaniac
 12620 | Lair:2   | Found a staircase to the Swamp.
 12825 | Lair:2   | Noticed Gastronok
 12832 | Lair:2   | Killed Gastronok
 12861 | Lair:2   | Found a hole to the Spider Nest.
 13102 | Lair:2   | Reached **** piety under Hepliaklqana
 13421 | Lair:3   | Noticed Amaemon
 13430 | Lair:3   | Killed Amaemon
 13434 | Lair:3   | Reached skill level 11 in Dodging
 14615 | Lair:5   | Entered Level 5 of the Lair of Beasts
 14651 | Lair:5   | Reached ***** piety under Hepliaklqana
 14655 | Lair:5   | Reached XP level 14. HP: 98/98 MP: 20/20
 14704 | Lair:5   | Found a runed translucent gate.
 14704 | Lair:5   | Found a runed translucent gate.
 14706 | Lair:5   | Found a runed translucent gate.
 14709 | Lair:5   | Noticed lunkers's ghost (journeyman MeFi)
 14803 | Lair:5   | Identified 2 scrolls of acquirement
 14804 | Lair:5   | Acquired the +5 kite shield of the Thistle {Rampage rPois
                  | Stlth+}
 14852 | Lair:5   | Acquired a manual of Ranged Weapons
 15068 | Lair:5   | Found a viscous altar of Jiyva.
 15068 | Lair:5   | Found a staircase to the Slime Pits.
 15258 | Lair:5   | Reached skill level 10 in Fighting
 15320 | Lair:5   | Noticed Nessos
 15335 | Lair:5   | Killed Nessos
 15430 | Lair:5   | Found a runed translucent door.
 15642 | Lair:5   | Paralysed by a hornet for 3 turns
 15827 | Lair:5   | Noticed Josephine
 15836 | Lair:5   | Killed Josephine
 16130 | Lair:5   | Reached skill level 12 in Dodging
 16140 | Lair:5   | Killed lunkers's ghost
 16141 | Lair:5   | Reached skill level 5 in Shields
 16151 | Lair:5   | Identified the ring of the Leaf {rPois rN+ Will- Dex+6}
 16292 | D:11     | Reached skill level 10 in Evocations
 16542 | D:11     | Found Qaoturgh's Antique Weapon Shop.
 16828 | D:11     | Noticed Harold
 16834 | D:11     | Killed Harold
 16957 | D:11     | Reached XP level 15. HP: 105/105 MP: 21/21
 17113 | D:12     | Found a staircase to the Orcish Mines.
 17180 | D:12     | Found the +8 trident of the Octopus King {venom, rElec
                  | rPois}
 17223 | D:12     | Noticed Nergalle
 17234 | D:12     | Killed Nergalle
 17240 | D:12     | Reached ****** piety under Hepliaklqana
 17626 | Orc:1    | Entered Level 1 of the Orcish Mines
 17774 | Orc:2    | Entered Level 2 of the Orcish Mines
 17775 | Orc:2    | Found a staircase to the Elven Halls.
 17868 | Orc:2    | Found a runed translucent gate.
 17868 | Orc:2    | Found a runed translucent gate.
 17868 | Orc:2    | Found a runed translucent gate.
 17873 | Orc:2    | Noticed iguanaiguana's ghost (journeyman MeFE)
 17882 | Orc:2    | Killed iguanaiguana's ghost
 17990 | Orc:2    | Paralysed by something for 3 turns
 18062 | Orc:2    | Reached skill level 10 in Ranged Weapons
 18539 | Orc:2    | Reached skill level 13 in Dodging
 18625 | Orc:2    | Found Minwepsa's Antique Weapon Boutique.
 18625 | Orc:2    | Found Toblyvad's Jewellery Shoppe.
 18625 | Orc:2    | Found Lomoliku's Distillery.
 18625 | Orc:2    | Found Quantascho's General Store.
 18633 | Orc:2    | Bought a potion of might for 72 gold pieces
 18633 | Orc:2    | Bought a potion of heal wounds for 90 gold pieces
 18634 | Orc:2    | Bought a potion of curing for 45 gold pieces
 18634 | Orc:2    | Bought 2 atropa-tipped darts for 18 gold pieces
 18634 | Orc:2    | Bought a scroll of identify for 30 gold pieces
 18891 | Orc:1    | Noticed Fannar
 18902 | Orc:1    | Killed Fannar
 18903 | Orc:1    | Reached skill level 10 in Armour
 19576 | D:13     | Identified the +0 ring mail "Juep" {Rampage rF- Str+7}
 19727 | D:14     | Identified Roxanne's Encyclopedia of the Boulder
 19727 | D:14     | Noticed Roxanne
 19749 | D:14     | Killed Roxanne
 19944 | D:14     | Reached XP level 16. HP: 112/112 MP: 22/22
 19958 | D:14     | Found a gate to the Vaults.
 20218 | D:15     | Entered Level 15 of the Dungeon
 20664 | D:15     | Found a staircase to the Depths.
 20670 | D:15     | Reached skill level 10 in Axes
 20837 | Elf:1    | Entered Level 1 of the Elven Halls
 20991 | Elf:1    | Reached skill level 10 in Throwing
 21284 | Elf:1    | Got Niuse Fua's Omnibus of Damage Dealing
 21758 | Elf:1    | Acquired a manual of Evocations
 22060 | Elf:1    | Found Asasigus's Distillery.
 22928 | Swamp:1  | Entered Level 1 of the Swamp
 23511 | Swamp:2  | Noticed a thorn hunter
 23526 | Swamp:2  | Killed a thorn hunter
 23667 | Swamp:2  | Noticed a thorn hunter
 23676 | Swamp:2  | Killed a thorn hunter
 24074 | Swamp:3  | Gained mutation: You have claws for hands. [demonic
                  | ancestry]
 24074 | Swamp:3  | Reached XP level 17. HP: 119/119 MP: 23/23
 25351 | Swamp:3  | Identified the +5 long sword of Lies {drain, Contam rN++
                  | Str+2 Stlth+}
 25442 | Swamp:4  | Entered Level 4 of the Swamp
 25849 | Swamp:4  | Noticed the 27-headed Lernaean hydra
 25852 | Swamp:4  | Reached skill level 14 in Dodging
 25943 | Swamp:3  | HP: 3/119 [the 27-headed Lernaean hydra (10)]
 25943 | Swamp:3  | Slain by the 27-headed Lernaean hydra

Illustrated notes

Levels and vault maps discovered:
D:1:      dpeg_arrival_tiny_a, layout_rooms, st_stairs_4
D:2:      layout_basic, basic_altar
D:3:      layout_loops_ring, pdpol_wu_jian_five_deadly_venoms,
          minmay_misc_feat_doors
D:4:      nicolae_BIG_FREAKIN_CUBE, layout_loops_ring,
          nicolae_sif_muna_condensation, uniq_menkaure, uniq_eustachio
D:5:      layout_rooms, mainiacjoe_overflow_small_starburst, enter_ossuary_4,
          uniq_blork_the_orc
D:6:      cheibrodos_barr_body, layout_loops_corners, grunt_gozag_statues,
          hangedman_abyss_or_decor_lesser_grid
D:7:      layout_basic, marbit_many_paths, nzn_hepliaklqana_mist_gate,
          nicolae_overflow_hidden_temple, minmay_temple_entry_enclosed_plants,
          hangedman_decor_push, minmay_manual_mess
D:8:      minmay_diamond_stairs, layout_gridville, uniq_erica
D:9:      minmay_octagon_keep, layout_long_grid, cheibriados_altar_1,
          david_lair_generic, serial_bayou, serial_bayou_pond_b,
          serial_bayou_crossing, serial_bayou_pond_c, serial_bayou_pond_b,
          minmay_door_square, lightli_corner_chamber, uniq_erolcha
D:10:     layout_cave_pools, special_room [special_room_orc], serial_shops,
          nicolae_shop_bloodbath_and_beyond, shop, ebering_ghost_xom,
          kennysheep_nub, wad_floor_pattern_untrapped, nicolae_sextant
D:11:     layout_long_grid, serial_demonic, serial_demonic_f, serial_demonic_d,
          serial_demonic_c, serial_demonic_a, serial_shops, shop,
          zin_scriptorium, uniq_harold
D:12:     layout_long_grid, orc_0_dummy, uniq_nergalle
D:13:     layout_irregular_city
D:14:     layout_basic, david_vaults_2, uniq_roxanne
D:15:     grunt_enter_depths_hoard, layout_basic, dk_noncrumbling_4
Lair:1:   layout_roguey, portal_ice_cave_entry_pillars_2
Lair:2:   layout_hall_layers, minmay_swamp_entry_reptiles,
          spider_nest_entry_web_field, uniq_gastronok
Lair:3:   layout_cave_pods, serial_bayou_pond_c, beast_lair_carwin_8,
          uniq_amaemon
Lair:4:   layout_hall_layers
Lair:5:   wormcave, layout_cave_pods, guppyfry_lair_end_dragon, slime_entry_1,
          gammafunk_ghost_hydra_chop, grunt_megastairs_2, uniq_josephine,
          uniq_nessos
Swamp:1:  layout_basic_swamp, evilmike_swamp_ruin_house_1
Swamp:2:  layout_basic_swamp, hangedman_swamp_ruin_hall, swamp_pool3,
          cheibrodos_swamp_pet_leeches
Swamp:3:  layout_basic_swamp, evilmike_swamp_ruin_rubble_1,
          infiniplex_staircase_pool
Swamp:4:  swamp_old_school, layout_basic_swamp, swamp_pool2
Orc:1:    layout_diamond_mine, uniq_fannar
Orc:2:    st_orc_ogre_mass, layout_diamond_mine, ebering_ghost_rock_garden,
          minmay_orc_temple_a
Elf:1:    layout_gridlike, serial_shops, shop, minmay_elf_annihilation
Elf:2:    elven_hall_of_blades_hangedman_original
          [infiniplex_blade_entry_pillars], layout_geoelf_octagon

Skill      XL: |  1  2  3  4  5  6  7  8  9 10 11 12 13 14 15 16 17 |
---------------+----------------------------------------------------+-----
Dodging        | 2 3 4 6 7 8 10 11 12 13 14 | 14.0
Armour         | 1 2 3 4 5 6 7 8 9 10 11 | 11.1
Evocations     | 1 2 3 4 5 6 7 8 9 10 11 12 | 12.6
Stealth        | 5 |  5.0
Fighting       | 4 5 6 7 8 9 10 11 12 | 12.3
Throwing       | 1 2 3 4 5 6 7 8 9 10 | 10.7
Ranged Weapons | 2 3 4 5 6 7 9 10 12 | 12.7
Axes           | 2 3 4 5 6 7 8 9 10 | 10.8
Invocations    | 3 5 6 8 |  8.0
Shields        | 1 3 5 6 7 8 |  8.2

Action                   |  1- 3 |  4- 6 |  7- 9 | 10-12 | 13-15 | 16-18 || total
-------------------------+-------+-------+-------+-------+-------+-------++-------
Melee: Hand axe          |    22 |       |    27 |   115 |       |       ||   164
       War axe           |    45 |     4 |       |       |       |       ||    49
       Dagger            |       |    53 |       |       |       |       ||    53
       Punch             |       |     1 |       |       |       |       ||     1
       Scimitar          |       |       |       |     6 |       |       ||     6
       Broad axe         |       |       |       |   126 |   303 |   351 ||   780
       Trident           |       |       |       |       |   263 |       ||   263
 Fire: Sling             |       |    87 |   252 |   322 |   359 |   158 ||  1178
Throw: Dart              |       |     2 |     2 |     2 |       |     1 ||     7
Invok: Recall Ancestor   |       |       |       |     1 |     1 |     2 ||     4
       Ancestor Life: Ba |       |       |       |     1 |       |       ||     1
Evoke: Wand              |       |       |       |     4 |     1 |       ||     5
       Phantom mirror    |       |       |       |       |       |     1 ||     1
  Use: Scroll            |     2 |       |     3 |    12 |    13 |    11 ||    41
       Potion            |     1 |       |     2 |     1 |     1 |     5 ||    10
 Stab: Distracted        |     1 |       |       |     4 |    14 |    11 ||    30
       Sleeping          |     3 |     7 |       |     2 |    16 |    12 ||    40
Armor: Chain mail        |    33 |       |   198 |   393 |   391 |   184 ||  1199
       Ring mail         |     9 |    24 |     2 |       |       |       ||    35
       Fire dragon scale |       |       |       |       |       |   148 ||   148
Dodge: Dodged            |    36 |    53 |   109 |   340 |   416 |   324 ||  1278
Block: Buckler           |       |       |       |    10 |    63 |       ||    73
       Kite shield       |       |       |       |       |   439 |   508 ||   947
       Reflection        |       |       |       |       |       |    16 ||    16

Table legend: (Time is in decaauts)
 A = Elapsed time spent in this place.
 B = Non-inter-level travel time spent in this place.
 C = Inter-level travel time spent in this place.
 D = Time resting spent in this place.
 E = Time spent auto-exploring this place.
 F = Levels seen in this place.
 G = Mean time per level.
                   A        B        C        D        E       F      G
               +--------+--------+--------+--------+--------+-----+--------+
         Total |  26986 |  24149 |   2837 |    628 |  17735 |  29 |  930.6 |
       Dungeon |  15199 |  13364 |   1835 |     72 |  10260 |  15 | 1013.3 |
          Lair |   4826 |   4361 |    465 |     46 |   3258 |   5 |  965.2 |
         Swamp |   2534 |   2246 |    288 |    137 |   1499 |   4 |  633.5 |
  Orcish Mines |   1761 |   1576 |    185 |    215 |    905 |   2 |  880.5 |
   Elven Halls |   1729 |   1666 |     63 |    158 |   1146 |   2 |  864.5 |
      Ice Cave |    936 |    936 |      0 |      0 |    666 |   1 |  936.0 |
               +--------+--------+--------+--------+--------+-----+--------+

Top non-repeatable levels by time:
     D:7: 2191 daAuts
     D:8: 1689 daAuts
  Lair:5: 1685 daAuts
     D:9: 1661 daAuts
   Elf:1: 1555 daAuts
     D:6: 1424 daAuts
   Orc:2: 1321 daAuts
     D:4: 990 daAuts
  Lair:2: 987 daAuts
   IceCv: 936 daAuts
     D:3: 931 daAuts
  Lair:3: 889 daAuts
 Swamp:3: 865 daAuts
    D:10: 842 daAuts
    D:11: 833 daAuts
